AoeStats
← Pillage The Village

Nomad

508267191Analyzed
3v3 RM · 10d ago on Sep 21, 2026· 62m 10s· 6 players
Game mode
Random Map
Map size
210×210
Population
200
Speed
Normal
Resources
Standard
Victory
Conquest
Starting age
Dark Age
Ending age
Imperial Age
RankedLock teamsTeams togetherTeam positionsShared explorationLock speedFull tech treeHidden civsTurbo modeCheats
Victory
Defeat
🇧🇪 Mongols · Belgium
1295
+12
🇧🇪 Byzantines · Belgium
1263
+13
🇧🇪 Vikings · Belgium
939
+26
🇹🇷 Hindustanis · Türkiye
1209
-18
1186
-17
🇹🇷 Goths · Türkiye
1162
-16
Myll_Barka
5:01 Loom
13:43 Feudal Age
14:11 Double-Bit Axe
22:07 Castle Age
20:47 Fletching
20:44 Horse Collar
21:57 Wheelbarrow
21:45 Bloodlines
22:30 Scale Barding Armor
27:47 Husbandry
36:35 Forging
37:43 Chain Barding Armor
37:30 Gold Mining
44:49 Imperial Age
42:13 Light Cavalry
44:30 Hand Cart
45:05 Ballistics
46:13 Heavy Plow
46:45 Hussar
48:21 Iron Casting
48:33 Gold Shaft Mining
48:05 Heavy Scorpion
49:32 Bow Saw
50:10 Drill
51:41 Chemistry
51:53 Siege Engineers
58:01 Heavy Camel Rider
Pontifex Fakkulus
7:12 Loom
15:02 Feudal Age
15:29 Double-Bit Axe
15:46 Fishing Lines
21:26 Castle Age
20:32 Padded Archer Armor
22:07 Scale Barding Armor
23:38 Forging
38:23 Crossbowman
39:56 Gold Mining
41:30 Leather Archer Armor
47:44 Fletching
48:01 Scale Mail Armor
50:02 Bodkin Arrow
55:29 Pikeman
56:24 Man-at-Arms
Pillage The Village
5:28 Loom
11:48 Feudal Age
12:17 Double-Bit Axe
23:36 Castle Age
22:59 Gold Mining
24:14 Forging
24:10 Scale Barding Armor
25:06 Fletching
32:44 Bow Saw
33:36 Iron Casting
33:44 Fishing Lines
36:45 Chain Barding Armor
41:40 Husbandry
42:18 Ballistics
42:50 Bodkin Arrow
44:10 Wheelbarrow
47:50 Imperial Age
45:33 Gillnets
47:18 Medium Warships
47:53 Horse Collar
47:55 Elite Cataphract
49:29 Plate Barding Armor
49:17 Logistica
50:24 Chemistry
49:48 Bracer
50:39 Conscription
58:02 Murder Holes
62:23 Two-Man Saw
Han
2:49 Loom
13:47 Feudal Age
19:23 Castle Age
17:46 Scale Mail Armor
17:40 Gold Mining
18:16 Forging
17:56 Man-at-Arms
19:27 Double-Bit Axe
19:45 Long Swordsman
20:38 Squires
22:29 Pikeman
24:51 Wheelbarrow
30:22 Iron Casting
34:02 Chain Mail Armor
42:21 Town Watch
46:06 Imperial Age
46:48 Halberdier
49:00 Blast Furnace
47:50 Two-Handed Swordsman
Liángcǎo zhēngshōu Khun
7:50 Loom
14:46 Feudal Age
19:30 Castle Age
18:02 Horse Collar
18:38 Double-Bit Axe
20:34 Bow Saw
21:30 Heavy Plow
21:46 Scale Barding Armor
23:35 Light Cavalry
28:50 Pikeman
37:26 Scale Mail Armor
37:37 Forging
38:39 Fletching
38:50 Padded Archer Armor
40:39 Chain Mail Armor
42:32 Iron Casting
44:17 Squires
44:02 Arson
44:39 Chain Barding Armor
45:17 Wheelbarrow
45:41 Bloodlines
47:01 Bodkin Arrow
48:26 Leather Archer Armor
47:35 Elite Skirmisher
48:21 Thumb Ring
52:08 Bloodlines
55:12 Imperial Age
53:01 Hand Cart
52:54 Husbandry
55:18 Halberdier
58:06 Plate Barding Armor
60:29 Winged Hussar
Chan Joe-kun
13:17 Feudal Age
17:20 Castle Age
17:31 Double-Bit Axe
17:28 Horse Collar
18:22 Bow Saw
18:13 Heavy Plow
19:31 Loom
22:09 Fletching
23:07 Elite Skirmisher
23:53 Thumb Ring
25:14 Husbandry
25:25 Bloodlines
26:44 Wheelbarrow
27:23 Pikeman
30:29 Squires
31:25 Forging
32:17 Scale Mail Armor
34:45 Grand Trunk Road
38:11 Iron Casting
46:16 Imperial Age
46:25 Imperial Age
45:46 Ballistics
46:05 Hand Cart
46:06 Scale Barding Armor
48:05 Chemistry
47:06 Gold Mining
46:47 Heavy Camel Rider
48:20 Chain Barding Armor
49:01 Blast Furnace
49:10 Imperial Camel Rider
Connection lost

Rejoining the realm…

Still unreachable

The connection could not be restored.

Session expired

The server has moved on; the page needs a fresh start.